cohdb
Replays
Latest Replays
All Replays
Popular Replays
Top Player Replays
Match Explorer
How It Works
Community
CoH3 Stats
Reddit
Sign in to upload your games and track your stats! →
Sign in with Steam
Match 39614700
Unlisted
Match 39614700
Overview
Messages
Build Orders
End
Panzergrenadier Squad
Selects Italian Infantry
Panzergrenadier Squad
250 Light Carrier
Panzergrenadier Squad
Construct Light Support Kompanie
MG34 Team
Selects Defensive Operations
Panzerjäger Squad
Fire Support Elements
Selects Guastatori Squad
Selects L6/40 Light Tank Combat Group
Construct Panzerarmee Kommand
Panzer III L Medium Tank
Combat Half-tracks
Panzer III L Medium Tank
Selects Prepared Positions
Emergency Repair Kits
Hakeen
Mice destroyer
Genki
红狼
0
0
Comments
sign in to comment!
No comments posted yet!